 Dungeon Crawl Stone Soup version 0.24.0-13-gcf9b3192b9 (webtiles) character file.

Game seed: 13370239151557928752, levelgen mode: deterministic

11126 Ijustatesigmund the Nimble (level 11, 0/89 HPs)
             Began as a Gnoll Monk on Nov 7, 2019.
             Was an Elder of the Shining One.
             Slain by a meliai
             ... wielding a cursed +0 hand axe
              (1 damage)
             ... on level 11 of the Dungeon on Nov 8, 2019.
             The game lasted 00:26:59 (12949 turns).

Ijustatesigmund the Nimble (Gnoll Monk)            Turns: 12949, Time: 00:26:59

Health: 0/89       AC: 16    Str: 17    XL:     11   Next: 72%
Magic:  20/20      EV: 17    Int: 12    God:    the Shining One [****..]
Gold:   483        SH:  0    Dex: 17    Spells: 22/22 levels left

rFire    . . .     SeeInvis .   a - +3 eveningstar (holy)
rCold    + . .     Gourm    +   (no shield)
rNeg     + + .     Faith    .   z - +5 ring mail of Unambiguity {+Blink rCorr Str+3}
rPois    +         Spirit   .   q - +1 helmet
rElec    .         Reflect  .   (no cloak)
rCorr    +         Harm     .   (no gloves)
MR       +....                  s - +1 pair of boots
Stlth    ++........             A - amulet of the gourmand
HPRegen  0.24/turn              g - ring of protection from cold
MPRegen  0.17/turn              j - +2 ring of slaying

@: glowing
A: distributed training, fangs 1, clumsy 1, magic resistance 1, poison
resistance, weak 1, strong nose
a: Divine Shield, Cleansing Flame, Renounce Religion, Evoke Blink


You were on level 11 of the Dungeon.
You worshipped the Shining One.
The Shining One was greatly pleased with you.
You were not hungry.

You visited 2 branches of the dungeon, and saw 12 of its levels.

You collected 483 gold pieces.

Inventory:

Hand Weapons
 a - a +3 eveningstar of holy wrath (weapon)
Armour
 q - a +1 helmet (worn)
 s - a +1 pair of boots (worn)
 z - the +5 ring mail of Unambiguity (worn) {+Blink rCorr Str+3}
   (You found it on level 9 of the Dungeon)

   It affects your strength (+3).
   It lets you blink.
   It provides partial protection from all sources of acid and corrosion.
Jewellery
 g - a ring of protection from cold (left hand)
 j - a +2 ring of slaying (right hand)
 y - an uncursed ring of positive energy
 A - an amulet of the gourmand (around neck)
Wands
 f - a wand of disintegration (7)
 k - a wand of polymorph (8)
 p - a wand of digging (2)
 r - a wand of flame (18)
Scrolls
 b - 3 scrolls of identify
 d - 7 scrolls of remove curse
 i - 2 scrolls of fog
 v - 2 scrolls of amnesia
 B - 3 scrolls of enchant armour
 F - a scroll of magic mapping
Potions
 e - 2 potions of brilliance
 h - a potion of curing
 u - a potion of flight
 w - a potion of invisibility {unknown}
 x - a potion of cancellation {unknown}
 C - a potion of magic {unknown}
Comestibles
 c - 18 rations


   Skills:
 + Level 9.3 Fighting
 + Level 6.4 Short Blades
 + Level 6.4 Long Blades
 + Level 6.4 Axes
 + Level 9.3 Maces & Flails
 + Level 6.4 Polearms
 + Level 6.4 Staves
 + Level 6.4 Slings
 + Level 6.4 Bows
 + Level 6.4 Crossbows
 + Level 6.4 Throwing
 + Level 6.4 Armour
 + Level 9.3 Dodging
 + Level 7.8 Stealth
 + Level 6.4 Shields
 + Level 6.4 Unarmed Combat
 + Level 6.4 Spellcasting
 + Level 5.3 Conjurations
 + Level 5.3 Hexes
 + Level 5.3 Charms
 + Level 5.3 Summonings
 + Level 5.3 Necromancy
 + Level 5.3 Translocations
 + Level 5.3 Transmutations
 + Level 5.3 Fire Magic
 + Level 5.3 Ice Magic
 + Level 5.3 Air Magic
 + Level 5.3 Earth Magic
 + Level 5.3 Poison Magic
 + Level 7.1 Invocations
 + Level 6.4 Evocations


You had 22 spell levels left.
You didn't know any spells.
Your spell library contained the following spells:

 Spells                   Type           Power        Failure   Level  Hunger
 Beastly Appendage        Tmut           ###...       3%          1    None
 Freeze                   Ice            ###.         3%          1    None
 Sticks to Snakes         Tmut           ###.....     4%          2    ##.....
 Throw Frost              Conj/Ice       ###...       4%          2    ##.....
 Ozocubu's Armour         Chrm/Ice       ###.....     10%         3    ###....
 Spider Form              Tmut/Pois      ###.......   10%         3    ###....
 Ice Form                 Ice/Tmut       ###.....     32%         4    ####...
 Summon Ice Beast         Ice/Summ       ###.....     32%         4    ####...
 Throw Icicle             Conj/Ice       ###.....     32%         4    ####...
 Blade Hands              Tmut           ###.......   65%         5    ######.
 Irradiate                Conj/Tmut      ###.......   65%         5    ######.
 Hydra Form               Tmut           ###.......   99%         6    #######
 Statue Form              Tmut/Erth      ###......    99%         6    #######
 Dragon Form              Tmut           ###.......   100%        7    #######


Dungeon Overview and Level Annotations

Branches:
Dungeon (11/15)            Temple (1/1) D:6            Lair (0/6) D:8
    Orc: D:9-12

Altars:
Ashenzari
Cheibriados
Dithmenos
Elyvilon
Fedhas
Gozag
Hepliaklqana
Kikubaaqudgha
Makhleb
Nemelex Xobeh
Okawaru
Qazlal
Ru
Sif Muna
Trog
Uskayaw
Vehumet
Wu Jian
Xom
Yredelemnul
Zin
The Shining One


Innate Abilities, Weirdness & Mutations

Your experience applies equally to all skills.
You have very sharp teeth.
Your uncanny sense of smell can sniff out nearby items.
You are clumsy. (Dex -2)
You are resistant to hostile enchantments. (MR+)
Your system is resistant to poisons. (rPois)
You are weak. (Str -2)


Message History

Something smites you!
* * * LOW HITPOINT WARNING * * *
The meliai hits you with a cursed +0 hand axe.
* * * LOW HITPOINT WARNING * * *
The meliai stings you but does no damage.
The meliai invokes the aid of its god against you.
Something smites you!
* * * LOW HITPOINT WARNING * * *
The meliai misses you. The meliai barely misses you.
The meliai hits you but does no damage. The meliai completely misses you.
As you read the scroll of fear, it crumbles to dust.
You assume a fearsome visage.
The meliai resists with some effort.
The meliai looks frightened! x2; The meliai closely misses you.
The meliai stings you but does no damage.
You fail to use your ability.
The meliai hits you with a cursed +0 hand axe.
* * * LOW HITPOINT WARNING * * *
The meliai stings you but does no damage.
The meliai hits you with a cursed +0 hand axe.
You die...

..... ...... .....
.......
.....####.......
#............#####
#y...y....(..#...#
#............#<..#
#............+...#
#.....y......#...#
#....@.......#..)#
#..$.........###'#
....########.....#.###
... #.....#...# ..
#.....'...#
#.....##### #######


You could see 3 meliai.

Vanquished Creatures
  Erolcha (D:9)
  A death knight (D:10)
  A skeletal warrior (D:10)
  2 unseen horrors (D:10)
  A phantasmal warrior (D:10)
  Pikel (D:6)
  The ghost of Baz the Sneak, a novice VSEE (D:6)
  2 komodo dragons
  A freezing wraith (D:10)
  A troll (D:10)
  2 hippogriffs
  Sigmund (D:6)
  A wraith (D:10)
  A basilisk (D:8)
  2 wyverns (D:8)
  Eustachio (D:5)
  A vampire mosquito (D:9)
  Grum (D:8)
  Edmund (D:5)
  An acid dragon (D:8)
  A soldier ant (D:10)
  A water moccasin (D:10)
  The ghost of ciphuk the Ruffian, an amateur NaFi (D:3)
  An orc warrior (D:10)
  3 ice beasts
  A slave (D:6)
  A black bear (D:8)
  2 necrophages
  An ogre (D:8)
  2 phantoms
  A sky beast (D:6)
  3 wolves (D:8)
  6 centaurs
  A big kobold (D:9)
  3 bullfrogs
  3 scorpions
  3 killer bees (D:10)
  A howler monkey (D:5)
  4 electric eels (D:9)
  4 crimson imps
  2 bullfrog zombies (D:6)
  A centaur zombie (D:9)
  8 hounds
  2 jellies
  4 orc priests
  3 bullfrog skeletons
  2 orc wizards
  A centaur skeleton (D:6)
  An iguana (D:4)
  7 worker ants
  2 killer bee zombies (D:6)
  A hound skeleton (D:8)
  3 worker ant zombies (D:6)
  Robin (D:4)
  14 adders
  7 gnolls
  3 shadow imps
  An ooze (D:4)
  3 adder skeletons
  3 adder zombies
  2 worms (D:2)
  A dart slug (D:2)
  6 leopard geckos
  15 orcs
  4 bats
  4 giant cockroaches
  15 goblins
  17 hobgoblins
  5 jackals
  5 quokkas
  A ball python (D:2)
  3 frilled lizards
  2 giant cockroach zombies
  A jackal zombie (D:6)
  4 kobolds
  A leopard gecko skeleton (D:5)
  4 leopard gecko zombies
  2 quokka zombies (D:6)
  9 rats
237 creatures vanquished.

Vanquished Creatures (collateral kills)
  An electric eel (D:9)
  A jelly (D:9)
2 creatures vanquished.

Vanquished Creatures (others)
  A human (D:4)
  5 toadstools (D:1)
6 creatures vanquished.

Grand Total: 245 creatures vanquished

Notes
Turn   | Place    | Note
-------+----------+-------------------------------------------
     0 | D:1      | Ijustatesigmund the Gnoll Monk began the quest for the Orb.
     0 | D:1      | Reached XP level 1. HP: 23/23 MP: 1/1
   235 | D:1      | Reached XP level 2. HP: 29/29 MP: 2/2
   710 | D:1      | Found a sparkling altar of Nemelex Xobeh.
  1413 | D:2      | Reached XP level 3. HP: 30/35 MP: 3/3
  1660 | D:2      | Reached skill level 1 in Invocations
  2004 | D:2      | Reached skill level 1 in Short Blades
  2004 | D:2      | Reached skill level 1 in Long Blades
  2004 | D:2      | Reached skill level 1 in Axes
  2004 | D:2      | Reached skill level 1 in Polearms
  2004 | D:2      | Reached skill level 1 in Staves
  2004 | D:2      | Reached skill level 1 in Slings
  2004 | D:2      | Reached skill level 1 in Bows
  2004 | D:2      | Reached skill level 1 in Crossbows
  2004 | D:2      | Reached skill level 1 in Throwing
  2004 | D:2      | Reached skill level 1 in Armour
  2004 | D:2      | Reached skill level 1 in Shields
  2004 | D:2      | Reached skill level 1 in Unarmed Combat
  2004 | D:2      | Reached skill level 1 in Spellcasting
  2004 | D:2      | Reached skill level 1 in Evocations
  2121 | D:2      | Reached XP level 4. HP: 38/41 MP: 5/5
  2857 | D:3      | Found a runed translucent gate.
  2857 | D:3      | Found a runed translucent gate.
  2858 | D:3      | Found a runed translucent gate.
  2858 | D:3      | Noticed ciphuk's ghost (amateur NaFi)
  3247 | D:3      | Reached skill level 1 in Conjurations
  3247 | D:3      | Reached skill level 1 in Hexes
  3247 | D:3      | Reached skill level 1 in Charms
  3247 | D:3      | Reached skill level 1 in Summonings
  3247 | D:3      | Reached skill level 1 in Necromancy
  3247 | D:3      | Reached skill level 1 in Translocations
  3247 | D:3      | Reached skill level 1 in Transmutations
  3247 | D:3      | Reached skill level 1 in Fire Magic
  3247 | D:3      | Reached skill level 1 in Ice Magic
  3247 | D:3      | Reached skill level 1 in Air Magic
  3247 | D:3      | Reached skill level 1 in Earth Magic
  3247 | D:3      | Reached skill level 1 in Poison Magic
  3377 | D:4      | Reached XP level 5. HP: 45/47 MP: 6/6
  3390 | D:4      | Noticed Robin
  3408 | D:5      | Entered Level 5 of the Dungeon
  3412 | D:5      | Noticed Eustachio
  3430 | D:5      | Killed Eustachio
  3430 | D:5      | Reached XP level 6. HP: 26/53 MP: 6/8
  3550 | D:5      | Noticed a phantom
  4281 | D:4      | Killed Robin
  4281 | D:4      | Reached XP level 7. HP: 39/59 MP: 10/10
  5081 | D:4      | Found an ancient bone altar of Kikubaaqudgha.
  5084 | D:4      | Noticed a human
  5085 | D:4      | Killed a human
  5681 | D:5      | Reached skill level 5 in Stealth
  5760 | D:5      | Reached XP level 8. HP: 64/67 MP: 12/12
  5931 | D:5      | Noticed Edmund
  5940 | D:5      | Killed Edmund
  6091 | D:5      | Gained mutation: You are clumsy. (Dex -2) [potion of
                  | mutation]
  6091 | D:5      | Gained mutation: You are resistant to hostile enchantments.
                  | (MR+) [potion of mutation]
  6091 | D:5      | Gained mutation: You are weak. (Str -2) [potion of
                  | mutation]
  6091 | D:5      | Gained mutation: Your system is resistant to poisons.
                  | (rPois) [potion of mutation]
  6192 | D:6      | Found a runed translucent gate.
  6192 | D:6      | Found a runed translucent gate.
  6210 | D:6      | Found a runed translucent gate.
  6210 | D:6      | Noticed Baz's ghost (novice VSEE)
  6211 | D:6      | Found a staircase to the Ecumenical Temple.
  6217 | Temple   | Entered the Ecumenical Temple
  6369 | Temple   | Became a worshipper of the Shining One
  6369 | Temple   | Reached * piety under the Shining One
  6369 | Temple   | Reached ** piety under the Shining One
  6866 | D:6      | Found a stormy altar of Qazlal.
  7198 | D:6      | Reached XP level 9. HP: 72/72 MP: 14/14
  7352 | D:6      | Noticed Sigmund
  7359 | D:6      | Killed Sigmund
  7375 | D:6      | Reached *** piety under the Shining One
  7409 | D:6      | Noticed Pikel
  7425 | D:6      | Killed Pikel
  8168 | D:8      | Reached skill level 5 in Invocations
  8260 | D:8      | Reached XP level 10. HP: 79/79 MP: 17/17
  8329 | D:8      | Found a glowing silver altar of Zin.
  8477 | D:8      | Noticed Grum
  8486 | D:8      | Killed Grum
  8733 | D:8      | Reached skill level 5 in Short Blades
  8733 | D:8      | Reached skill level 5 in Long Blades
  8733 | D:8      | Reached skill level 5 in Axes
  8733 | D:8      | Reached skill level 5 in Polearms
  8733 | D:8      | Reached skill level 5 in Staves
  8733 | D:8      | Reached skill level 5 in Slings
  8733 | D:8      | Reached skill level 5 in Bows
  8733 | D:8      | Reached skill level 5 in Crossbows
  8733 | D:8      | Reached skill level 5 in Throwing
  8733 | D:8      | Reached skill level 5 in Armour
  8733 | D:8      | Reached skill level 5 in Shields
  8733 | D:8      | Reached skill level 5 in Unarmed Combat
  8733 | D:8      | Reached skill level 5 in Spellcasting
  8733 | D:8      | Reached skill level 5 in Evocations
  9471 | D:8      | Found a staircase to the Lair.
  9701 | D:9      | Reached **** piety under the Shining One
 10146 | D:9      | Noticed Erolcha
 10149 | D:9      | Got a scorched ring mail
 10159 | D:9      | Killed Erolcha
 10728 | D:6      | Killed Baz's ghost
 10828 | D:3      | Killed ciphuk's ghost
 10828 | D:3      | Reached XP level 11. HP: 87/87 MP: 19/19
 10996 | D:10     | Entered Level 10 of the Dungeon
 11003 | D:10     | Noticed an unseen horror
 11013 | D:10     | Killed an unseen horror
 11130 | D:10     | Identified a scroll of acquirement
 11199 | D:9      | Identified the +5 ring mail of Unambiguity {+Blink rCorr
                  | Str+3} (You found it on level 9 of the Dungeon)
 11325 | D:10     | Noticed an unseen horror
 11330 | D:10     | Killed an unseen horror
 11332 | D:10     | Reached skill level 5 in Conjurations
 11332 | D:10     | Reached skill level 5 in Hexes
 11332 | D:10     | Reached skill level 5 in Charms
 11332 | D:10     | Reached skill level 5 in Summonings
 11332 | D:10     | Reached skill level 5 in Necromancy
 11332 | D:10     | Reached skill level 5 in Translocations
 11332 | D:10     | Reached skill level 5 in Transmutations
 11332 | D:10     | Reached skill level 5 in Fire Magic
 11332 | D:10     | Reached skill level 5 in Ice Magic
 11332 | D:10     | Reached skill level 5 in Air Magic
 11332 | D:10     | Reached skill level 5 in Earth Magic
 11332 | D:10     | Reached skill level 5 in Poison Magic
 11387 | D:10     | Noticed a death knight
 11390 | D:10     | Noticed a phantasmal warrior
 12117 | D:10     | Noticed a skeletal warrior
 12124 | D:10     | Killed a skeletal warrior
 12161 | D:10     | Killed a phantasmal warrior
 12428 | D:10     | Killed a death knight
 12744 | D:10     | Found a shadowy altar of Dithmenos.
 12947 | D:11     | HP: 4/89 [meliai/divine providence (12)]
 12949 | D:11     | HP: 1/89 [meliai/cursed +0 hand axe (3)]
 12949 | D:11     | Slain by a meliai

Levels and vault maps discovered:
D:1:      ldierk_walled_garden, layout_basic, serial_forest,
          infiniplex_forest_straight_2, infiniplex_forest_straight_4,
          infiniplex_forest_lined_2, infiniplex_forest_3_way,
          infiniplex_forest_clump_double, infiniplex_forest_zigzag_2,
          infiniplex_forest_end_1, infiniplex_forest_lined_2,
          infiniplex_forest_clump_cross, nemelex_diamond_rough_becter
D:2:      minmay_chambers_of_twos, layout_basic, grunt_ministairs_3,
          kennysheep_generic_room_15
D:3:      layout_basic, ebering_ghost_rock_garden
D:4:      layout_basic, tgw_kikubaaqudgha, uniq_robin
D:5:      minmay_thinvault, layout_rooms, first_ration, minmay_checkerbox,
          uniq_edmund, uniq_eustachio
D:6:      layout_loops_ring, old_standard_altar, minmay_temple_entry_grid,
          serial_undead, serial_undead_a, serial_undead_a, serial_undead_a,
          serial_undead_e, ebering_ghost_rock_garden, kennysheep_cross_room,
          kennysheep_dice, uniq_sigmund, uniq_pikel
D:7:      layout_rooms
D:8:      layout_rooms, erik_lair_dragon, basic_altar, grunt_ogre_cave,
          nicolae_wwwww, uniq_grum
D:9:      layout_basic, minmay_chambers_of_fives, uniq_erolcha
D:10:     layout_irregular_city, grunt_dithmenos_shadows
D:11:     layout_gridville, minmay_microvault
Temple:   kilobyte_greek_temple

Skill      XL: |  1  2  3  4  5  6  7  8  9 10 11 |
---------------+----------------------------------+-----
Invocations    | 1 2 3 4 5 6 7 |  7.1
Short Blades   | 1 2 3 4 5 6 |  6.4
Long Blades    | 1 2 3 4 5 6 |  6.4
Axes           | 1 2 3 4 5 6 |  6.4
Polearms       | 1 2 3 4 5 6 |  6.4
Staves         | 1 2 3 4 5 6 |  6.4
Slings         | 1 2 3 4 5 6 |  6.4
Bows           | 1 2 3 4 5 6 |  6.4
Crossbows      | 1 2 3 4 5 6 |  6.4
Throwing       | 1 2 3 4 5 6 |  6.4
Armour         | 1 2 3 4 5 6 |  6.4
Shields        | 1 2 3 4 5 6 |  6.4
Unarmed Combat | 1 2 3 4 5 6 |  6.4
Spellcasting   | 1 2 3 4 5 6 |  6.4
Evocations     | 1 2 3 4 5 6 |  6.4
Conjurations   | 1 2 3 4 5 |  5.3
Hexes          | 1 2 3 4 5 |  5.3
Charms         | 1 2 3 4 5 |  5.3
Summonings     | 1 2 3 4 5 |  5.3
Necromancy     | 1 2 3 4 5 |  5.3
Translocations | 1 2 3 4 5 |  5.3
Transmutations | 1 2 3 4 5 |  5.3
Fire Magic     | 1 2 3 4 5 |  5.3
Ice Magic      | 1 2 3 4 5 |  5.3
Air Magic      | 1 2 3 4 5 |  5.3
Earth Magic    | 1 2 3 4 5 |  5.3
Poison Magic   | 1 2 3 4 5 |  5.3
Fighting       | 7 8 9 |  9.3
Maces & Flails | 7 8 9 |  9.3
Dodging        | 7 8 9 |  9.3
Stealth        | 5 6 7 |  7.8

Action                   |  1- 3 |  4- 6 |  7- 9 | 10-12 || total
-------------------------+-------+-------+-------+-------++-------
Melee: Mace              |    77 |   163 |    63 |       ||   303
       Bite              |     6 |    25 |    47 |    30 ||   108
       Punch             |       |     1 |     3 |     2 ||     6
       Long sword        |       |       |    83 |       ||    83
       Dire flail        |       |       |   175 |   160 ||   335
       Eveningstar       |       |       |       |    93 ||    93
Invok: Divine Shield     |       |       |     1 |     5 ||     6
       Cleansing Flame   |       |       |       |     1 ||     1
 Abil: Evoke Blink       |       |       |       |     1 ||     1
Evoke: Wand              |       |       |     1 |     5 ||     6
  Use: Scroll            |     6 |     2 |     8 |    15 ||    31
       Potion            |       |     3 |     1 |     3 ||     7
 Stab: Sleeping          |    12 |     1 |       |       ||    13
  Eat: Chunk             |     3 |     7 |     7 |     3 ||    20
       Ration            |       |       |     2 |     4 ||     6
Armor: Ring mail         |    11 |     6 |       |    37 ||    54
       Chain mail        |       |    85 |   186 |    44 ||   315
       Acid dragon scale |       |       |       |    34 ||    34
Dodge: Dodged            |    39 |    97 |   178 |   202 ||   516
Block: Other             |       |       |     2 |    12 ||    14
       Rpst.: Long sword |       |       |    19 |       ||    19
